 Dungeon Crawl Stone Soup version 0.21.1-1-g345015f (webtiles) character file.

1372 lotte the Cudgeler (level 8, -13/76 HPs)
             Began as a Deep Dwarf Berserker on June 25, 2018.
             Was a Priest of Trog.
             Mangled by an ogre
             ... wielding a +0 giant spiked club
              (21 damage)
             ... on level 5 of the Dungeon.
             The game lasted 00:31:34 (4840 turns).

lotte the Cudgeler (Deep Dwarf Berserker)           Turns: 4840, Time: 00:31:35

Health: -13/76     AC: 13    Str: 22    XL:     8   Next: 38%
Magic:  8/8        EV:  9    Int:  9    God:    Trog [***...]
Gold:   274        SH:  0    Dex: 12    Spells: 7/7 levels left

rFire    . . .     SeeInvis .   H - +0 flail
rCold    . . .     Gourm    .   (no shield)
rNeg     . . .     Faith    +   q - +0 chain mail
rPois    .         Spirit   .   g - +0 helmet
rElec    .         Reflect  .   (no cloak)
rCorr    +         Harm     .   (no gloves)
MR       +....                  d - +1 pair of boots
Stlth    ..........             v - amulet of faith
HPRegen  0.00/turn              f - ring of resist corrosion
MPRegen  0.11/turn              (no ring)

@: berserk cooldown, non-regenerating, slowed, drained, very slow
A: damage resistance, heal wounds, sense surroundings 1, no regeneration
a: Heal Wounds, Berserk, Trog's Hand, Burn Spellbooks, Renounce Religion


You were on level 5 of the Dungeon.
You worshipped Trog.
Trog was most pleased with you.
You were near starving.

You visited 1 branch of the dungeon, and saw 5 of its levels.

You collected 274 gold pieces.

Inventory:

Hand Weapons
 a - a +0 mace
 s - a +1 trident of venom
 w - a -3 trident
 H - a +0 flail (weapon)
Armour
 b - a +0 animal skin
 d - a +1 pair of boots (worn)
 g - a +0 helmet (worn)
 j - a +1 ring mail of fire resistance
 k - a +0 scale mail
 q - a +0 chain mail (worn)
 C - a +3 ring mail
Jewellery
 f - a ring of resist corrosion (left hand)
 v - an amulet of faith (around neck)
Wands
 y - a wand of random effects (21)
Scrolls
 h - a scroll of enchant weapon {unknown}
 l - 8 scrolls of identify
 r - a scroll of magic mapping
 u - a scroll of immolation {unknown}
 z - a scroll of fear {unknown}
 A - a scroll of enchant armour {unknown}
 B - 4 scrolls of teleportation {unknown}
 F - a scroll of blinking {unknown}
 G - a scroll of fog {unknown}
Potions
 e - 3 potions of lignification {unknown}
 i - a potion of might {unknown}
 m - a potion of degeneration {unknown}
 n - a potion of cancellation {unknown}
 o - 2 potions of mutation {unknown}
 p - 4 potions of heal wounds {unknown}
 t - 2 potions of magic
 x - 4 potions of curing
 D - a potion of brilliance {unknown}
Comestibles
 c - 10 rations


   Skills:
 * Level 6.1(5.8) Fighting
 + Level 7.5(7.1) Maces & Flails
 + Level 5.5(5.1) Armour
 - Level 2.3(2.0) Dodging


You had 7 spell levels left.
You didn't know any spells.

Dungeon Overview and Level Annotations

Branches:
Dungeon (5/15)             Temple (0/1) D:4

Altars:
Dithmenos
Hepliaklqana
Makhleb
Nemelex Xobeh
Ru
Trog
Wu Jian
The Shining One

Shops:
D:4 *


Innate Abilities, Weirdness & Mutations

You are resistant to damage.
You can heal yourself by infusing magical energy.
You passively map a small area around you.
You do not regenerate.


Message History

You feel your anger nearly subside.
You are no longer berserk.
You are exhausted.
You feel yourself slow down.
The ogre hits you with a giant spiked club!!
The ogre hits you with a giant spiked club!
You hit the ogre.
The ogre is lightly wounded.
The ogre hits you with a giant spiked club!!
* * * LOW HITPOINT WARNING * * *
Your chain mail prevents you from hitting the ogre.
The ogre is lightly wounded.
The ogre barely misses you.
You hit the ogre.
The ogre is lightly wounded.
The ogre closely misses you.
You hit the ogre.
The ogre is moderately wounded.
The ogre hits you with a giant spiked club!!
You die...

.##.#...### ###.###.#
.##..[..# #.....#.#
........# ########.#.#
.[......# #.....##...#
........# #.....######
.####...# #..%..# ##
########.....# ##
#_#.....##.# .####
##'#...O@##.#
.##.#####..#........#
..........######.##.#
..........# #.##.##.#
..........# #.##.##.#
#.........###.##.##.###
...........##.##......#
........#..##.####.####
..##....#..#..# #.#


You could see an ogre.

Vanquished Creatures
  The ghost of diana the Cutter, an amateur KoBe of Trog (D:4)
  3 ogres
  A phantom (D:5)
  A scorpion (D:5)
  3 wights (D:5)
  2 crimson imps
  A centaur skeleton (D:4)
  A jelly (D:5)
  4 orc wizards
  2 hounds (D:5)
  An orc priest (D:5)
  A bullfrog skeleton (D:5)
  Jessica (D:2)
  Terence (D:2)
  An iguana (D:4)
  A worker ant (D:4)
  Natasha (thrice) (D:2)
  7 adders
  2 worms
  A dart slug (D:1)
  4 leopard geckos (D:4)
  9 orcs
  5 bats
  8 giant cockroaches
  11 goblins
  8 hobgoblins
  5 quokkas
  2 ball pythons
  4 frilled lizards
  A jackal skeleton (D:4)
  6 kobolds
  9 rats
110 creatures vanquished.

Notes
Turn   | Place    | Note
-------+----------+-------------------------------------------
     0 | D:1      | lotte the Deep Dwarf Berserker began the quest for the Orb.
     0 | D:1      | Reached XP level 1. HP: 20/20 MP: 1/1
     6 | D:1      | Noticed a swamp worm
     6 | D:1      | Noticed a salamander
     7 | D:1      | Noticed a black bear
   369 | D:1      | Reached XP level 2. HP: 18/28 MP: 2/2
  1016 | D:3      | Reached XP level 3. HP: 17/34 MP: 3/3
  1093 | D:2      | Noticed Natasha
  1099 | D:2      | Killed Natasha
  1159 | D:2      | Found a bloodstained altar of Trog.
  1179 | D:2      | Reached XP level 4. HP: 13/42 MP: 4/4
  1211 | D:2      | Noticed Jessica
  1217 | D:2      | Reached ** piety under Trog
  1244 | D:2      | Killed Jessica
  1244 | D:2      | Reached skill level 4 in Maces & Flails
  1432 | D:2      | Reached XP level 5. HP: 41/50 MP: 5/5
  1451 | D:2      | Noticed Terence
  1468 | D:2      | Killed Terence
  1483 | D:2      | Found a sparkling altar of Nemelex Xobeh.
  1520 | D:2      | Noticed Natasha
  1527 | D:2      | Killed Natasha
  1559 | D:2      | Noticed Natasha
  1576 | D:2      | Killed Natasha
  1749 | D:3      | You fall through a shaft!
  1749 | D:4      | Found a burning altar of Makhleb.
  1799 | D:4      | Noticed an ogre
  1833 | D:4      | Killed an ogre
  1833 | D:4      | Reached skill level 5 in Maces & Flails
  1833 | D:4      | Reached XP level 6. HP: 58/58 MP: 6/6
  2549 | D:3      | Reached *** piety under Trog
  2862 | D:4      | Noticed diana's ghost (amateur KoBe)
  2881 | D:4      | Killed diana's ghost
  2881 | D:4      | Reached skill level 6 in Maces & Flails
  2881 | D:4      | Reached XP level 7. HP: 51/66 MP: 7/7
  3154 | D:4      | Found a staircase to the Ecumenical Temple.
  3274 | D:4      | Reached skill level 5 in Fighting
  3473 | D:4      | Found a glowing golden altar of the Shining One.
  3473 | D:4      | Found a hazy altar of Hepliaklqana.
  3766 | D:4      | Found Ypoa's General Store.
  3991 | D:5      | Entered Level 5 of the Dungeon
  4192 | D:5      | Found an ornate altar of the Wu Jian Council.
  4248 | D:5      | Reached skill level 7 in Maces & Flails
  4250 | D:5      | Reached XP level 8. HP: 75/75 MP: 8/8
  4297 | D:5      | Reached skill level 5 in Armour
  4613 | D:5      | Found a sacrificial altar of Ru.
  4795 | D:5      | Found a shadowy altar of Dithmenos.
  4840 | D:5      | Mangled by an ogre

Skill      XL: |  1  2  3  4  5  6  7  8 |
---------------+-------------------------+-----
Fighting       | 3 4 5 6 |  6.1
Maces & Flails | 4 5 6 7 |  7.5
Armour         | 3 4 5 |  5.5
Dodging        | |  2.3

Action                   |  1- 3 |  4- 6 |  7- 9 || total
-------------------------+-------+-------+-------++-------
Melee: Mace              |    74 |   166 |   167 ||   407
       Flail             |       |       |    23 ||    23
Invok: Berserk           |       |     4 |     5 ||     9
       Trog's Hand       |       |     2 |    10 ||    12
 Abil: Heal Wounds       |       |     1 |       ||     1
  Use: Scroll            |     1 |     3 |       ||     4
       Potion            |       |     1 |       ||     1
  Eat: Chunk             |       |     6 |     8 ||    14
       Ration            |       |     1 |     2 ||     3
Armor: Animal skin       |     5 |       |       ||     5
       Scale mail        |    17 |       |       ||    17
       Chain mail        |     9 |   101 |   169 ||   279
Dodge: Dodged            |    47 |    74 |   121 ||   242
